Construct Section Command Post
Selects Indian Artillery Battlegroup
Construct Field Infirmary
Construct Platoon Command Post
Selects Towed ML 4.2-inch Heavy Mortar
Towed ML 4.2-inch Heavy Mortar
Unlock M3 Stuart Light Tanks
Selects Gurkha Rifles Section
6-pounder Anti-tank Gun Team
Construct Company Command Post
Unlock Bishop Self-propelled Artillery
Selects Off-map Airburst Barrage
Selects BL5.5 Artillery Emplacement